 Dungeon Crawl Stone Soup version 0.26-a0-663-g36e8fdb655 (webtiles) character file.

Game seed: 3928818160013899257

3548 Gargoyl the Fighter (level 10, 0/80 HPs)
             Began as a Gnoll Abyssal Knight on Oct 9, 2020.
             Was an Elder of Lugonu.
             Slain by a wyvern (5 damage)
             ... summoned by an orange crystal statue
             ... on level 8 of the Dungeon on Oct 11, 2020.
             The game lasted 00:14:00 (8821 turns).

Gargoyl the Fighter (Gnoll Abyssal Knight)          Turns: 8821, Time: 00:14:00

Health: 0/80       AC: 17    Str: 16 (18) XL:     10   Next: 9%
Magic:  0/17       EV: 11    Int:  4 (14) God:    Lugonu [****..]
Gold:   460        SH:  0    Dex: 13 (15) Spells: 18/18 levels left

rFire    + . .     SeeInvis .   a - +4 hand axe
rCold    + . .     Faith    .   (no shield)
rNeg     . . .     Spirit   +   j - +1 plate armour
rPois    +         Reflect  .   (no helmet)
rElec    +         Harm     .   f - -1 cloak (curse)
rCorr    +         Rampage  .   (no gloves)
MR       .....                  m - +2 pair of boots
Stlth    ..........             g - amulet of guardian spirit
HPRegen  0.23/turn              k - +4 ring of evasion
MPRegen  0.15/turn              s - ring of poison resistance

@: confused, mighty, lethally poisoned (0 -> -1), resistant
A: distributed training, fangs 2, talons 1, blink, subdued magic 1, strong nose
a: Blink, Depart the Abyss, Bend Space, Banish, Corrupt, Renounce Religion


You were on level 8 of the Dungeon.
You worshipped Lugonu.
Lugonu was greatly pleased with you.
You visited 1 branch of the dungeon, and saw 8 of its levels.
You visited the Abyss 1 time.
You also visited: Sewer.

You collected 460 gold pieces.

Inventory:

Hand Weapons
 a - a +4 hand axe (weapon)
 q - a +1 rapier of electrocution
Missiles
 l - 45 poisoned darts (quivered)
Armour
 f - a cursed -1 cloak (worn)
 j - a +1 plate armour (worn)
 m - a +2 pair of boots (worn)
Jewellery
 g - an amulet of guardian spirit (around neck)
 k - a +4 ring of evasion (left hand)
 s - a ring of poison resistance (right hand)
 u - an uncursed ring of positive energy
Wands
 n - a wand of disintegration (17)
Scrolls
 c - 6 scrolls of blinking
 e - 3 scrolls of identify
 r - a scroll of magic mapping
 v - 3 scrolls of teleportation
 w - 2 scrolls of fog
 y - 2 scrolls of fear
 D - a scroll of enchant armour
Potions
 b - a potion of resistance
 d - a potion of brilliance
 h - 3 potions of haste
 i - 4 potions of curing
 x - a potion of heal wounds


   Skills:
 + Level 8.3 Fighting
 + Level 4.9 Short Blades
 + Level 4.9 Long Blades
 + Level 6.8 Axes
 + Level 4.9 Maces & Flails
 + Level 4.9 Polearms
 + Level 4.9 Staves
 + Level 4.9 Slings
 + Level 4.9 Bows
 + Level 4.9 Crossbows
 + Level 4.9 Throwing
 + Level 6.8 Armour
 + Level 5.6 Dodging
 + Level 4.9 Stealth
 + Level 4.9 Shields
 + Level 4.9 Unarmed Combat
 + Level 4.9 Spellcasting
 + Level 4.1 Conjurations
 + Level 4.1 Hexes
 + Level 4.1 Summonings
 + Level 4.1 Necromancy
 + Level 4.1 Translocations
 + Level 4.1 Transmutations
 + Level 4.1 Fire Magic
 + Level 4.1 Ice Magic
 + Level 4.1 Air Magic
 + Level 4.1 Earth Magic
 + Level 4.1 Poison Magic
 + Level 7.2 Invocations
 + Level 4.9 Evocations


You had 18 spell levels left.
You didn't know any spells.
Your spell library contained the following spells:

 Spells                   Type           Power        Failure   Level
 Sting                    Tmut/Pois      #...         94%         1
 Poisonous Vapours        Pois/Air       #.....       98%         2
 Confusing Touch          Hex            #.......     100%        3
 Gell's Gravitas          Tloc           #.........   100%        3
 Ignite Poison            Fire/Tmut/Pois #.......     100%        3
 Mephitic Cloud           Conj/Pois/Air  #.......     100%        3
 Olgreb's Toxic Radiance  Pois           #.......     100%        4
 Petrify                  Tmut/Erth      #.......     100%        4
 Metabolic Englaciation   Hex/Ice        #.........   100%        5
 Yara's Violent Unravell  Hex/Tmut       #.........   100%        5


Dungeon Overview and Level Annotations

Branches:
Dungeon (8/15)             Temple (0/1) D:5           Sewer (visited)
   Lair: D:8-11

Altars:
Nemelex Xobeh
Ru

Shops:
D:4 ?

Annotations:
D:8 4 runed translucent doors, exclusion: 4 orange crystal statues, Tux's ghost, novice DDEE


Innate Abilities, Weirdness & Mutations

Your experience applies equally to all skills.
You have extremely sharp teeth.
Your uncanny sense of smell can sniff out nearby items.
You have sharp toenails.
You can translocate small distances at will.
Your spells are a little easier to cast, but a little less powerful.


Message History

Something completely misses you.
The scorpion stings you but does no damage.
The bullfrog hits you but does no damage.
You bump into the stone wall.
You feel sick.
The wyvern bites you but does no damage.
The orange crystal statue fixes its piercing gaze on you.
Something tries to feed on your intellect!
Something hits you but does no damage.
The scorpion stings you but does no damage.
The bullfrog hits you but does no damage.
The wyvern bites you.
* * * LOW HITPOINT WARNING * * *
You slash the bullfrog!
You kill the bullfrog!
The bullfrog's corpse dissolves into shadows!
You closely miss something. You hit the scorpion but do no damage.
You barely miss the wyvern.
The orange crystal statue glitters. x2
The wyvern bites you.
You die...

##########..###..#
†<..........+....#
†...........#....##
............#.....##
####.##......!.....#
#.##..####'####.#
..#...#8....r8#.#
...#...#.#.O{#r#.#
...+...#...Yol@#
#...##..#...Shs{#.#
#..#5...FYo#...#
...#B#D..#.#...#
#8.....8# ..#
####+#### ..# .. ..
∆ .# ##. .#


You could see 4 orange crystal statues, a steam dragon (summoned), a black bear
(summoned), a wyvern (summoned), 2 ice beasts, an ogre (summoned), a bullfrog
(summoned), a scorpion (summoned), an adder (summoned), a white imp (summoned),
2 orcs, 2 quokkas and a giant cockroach (summoned).

Vanquished Creatures
  The ghost of hemabe71 the Sneak, a novice HuAr of Trog (D:7)
  Pikel (D:5)
  A hornet (D:7)
  Menkaure (D:7)
  2 orc warriors
  A sky beast (D:7)
  An ice beast (D:6)
  An ogre (D:6)
  An eye of draining (shapeshifter) (Abyss:1)
  A necrophage (D:7)
  A phantom (D:4)
  3 centaurs
  4 bullfrogs
  2 wights
  A bullfrog zombie (D:6)
  2 centaur zombies
  An orc priest (D:4)
  A centaur skeleton (D:7)
  A jelly (D:5)
  9 orc wizards
  3 bullfrog skeletons
  2 worker ants (D:4)
  A hound skeleton (D:3)
  A howler monkey skeleton (D:4)
  4 gnolls (D:5)
  15 adders
  2 river rats
  An ooze (Sewer)
  An adder skeleton (D:5)
  An adder zombie (D:3)
  5 worms
  3 dart slugs
  7 leopard geckos
  28 orcs
  14 ball pythons
  9 giant cockroaches
  7 goblins
  6 hobgoblins
  6 jackals
  2 quokkas
  9 bats
  6 frilled lizards
  3 kobolds
  A leopard gecko zombie (D:7)
  A quokka skeleton (D:6)
  32 rats
206 creatures vanquished.

Vanquished Creatures (others)
  8 plants (D:4)
8 creatures vanquished.

Grand Total: 214 creatures vanquished

Notes
Turn   | Place    | Note
-------+----------+-------------------------------------------
     0 | Abyss:1  | Gargoyl the Gnoll Abyssal Knight began the quest for the
                  | Orb.
     0 | Abyss:1  | Reached XP level 1. HP: 23/23 MP: 3/3
    78 | Abyss:1  | Noticed a troll
    80 | Abyss:1  | Noticed a golden eye
    80 | Abyss:1  | a troll changed into a golden eye
   111 | Abyss:1  | Noticed a blink frog
   111 | Abyss:1  | a golden eye changed into a blink frog
   126 | Abyss:1  | Noticed an eye of draining
   147 | Abyss:1  | Killed an eye of draining
   147 | Abyss:1  | Reached skill level 1 in Short Blades
   147 | Abyss:1  | Reached skill level 1 in Long Blades
   147 | Abyss:1  | Reached skill level 1 in Maces & Flails
   147 | Abyss:1  | Reached skill level 1 in Polearms
   147 | Abyss:1  | Reached skill level 1 in Staves
   147 | Abyss:1  | Reached skill level 1 in Slings
   147 | Abyss:1  | Reached skill level 1 in Bows
   147 | Abyss:1  | Reached skill level 1 in Crossbows
   147 | Abyss:1  | Reached skill level 1 in Throwing
   147 | Abyss:1  | Reached skill level 1 in Stealth
   147 | Abyss:1  | Reached skill level 1 in Shields
   147 | Abyss:1  | Reached skill level 1 in Unarmed Combat
   147 | Abyss:1  | Reached skill level 1 in Spellcasting
   147 | Abyss:1  | Reached skill level 1 in Evocations
   147 | Abyss:1  | Reached XP level 2. HP: 7/29 MP: 0/5
   147 | Abyss:1  | Reached XP level 3. HP: 9/35 MP: 0/6
   147 | Abyss:1  | Reached XP level 4. HP: 11/41 MP: 0/7
   393 | Abyss:1  | Noticed a raiju
   395 | D:1      | Escaped the Abyss
   643 | D:1      | Reached skill level 1 in Conjurations
   643 | D:1      | Reached skill level 1 in Hexes
   643 | D:1      | Reached skill level 1 in Summonings
   643 | D:1      | Reached skill level 1 in Necromancy
   643 | D:1      | Reached skill level 1 in Translocations
   643 | D:1      | Reached skill level 1 in Transmutations
   643 | D:1      | Reached skill level 1 in Fire Magic
   643 | D:1      | Reached skill level 1 in Ice Magic
   643 | D:1      | Reached skill level 1 in Air Magic
   643 | D:1      | Reached skill level 1 in Earth Magic
   643 | D:1      | Reached skill level 1 in Poison Magic
   945 | D:1      | Reached * piety under Lugonu
  1296 | D:2      | Reached XP level 5. HP: 47/47 MP: 8/8
  1576 | D:2      | You fall into a shaft and drop 2 floors!
  1759 | D:3      | Reached ** piety under Lugonu
  2026 | D:2      | Reached skill level 5 in Invocations
  2234 | D:3      | Reached XP level 6. HP: 53/53 MP: 9/9
  2237 | D:3      | Upgraded the game from 0.26-a0-661-g406de6ba63 to
                  | 0.26-a0-663-g36e8fdb655
  2703 | D:4      | Noticed a phantom
  2734 | D:4      | Killed a phantom
  2734 | D:4      | Reached skill level 5 in Axes
  2734 | D:4      | Reached skill level 5 in Armour
  2891 | D:4      | Reached XP level 7. HP: 46/59 MP: 8/10
  3075 | D:4      | Found Noza's Magic Scroll Boutique.
  3181 | D:4      | Reached skill level 7 in Fighting
  3531 | D:5      | Entered Level 5 of the Dungeon
  3537 | D:5      | Reached *** piety under Lugonu
  3805 | D:5      | Found a glowing drain.
  3809 | Sewer    | Entered a sewer
  4280 | Sewer    | Reached **** piety under Lugonu
  4655 | D:5      | Noticed Pikel
  4683 | D:5      | Killed Pikel
  4683 | D:5      | Reached XP level 8. HP: 67/67 MP: 11/13
  4892 | D:5      | Found a staircase to the Ecumenical Temple.
  5105 | D:5      | Found a sacrificial altar of Ru.
  5981 | D:5      | Reached XP level 9. HP: 60/73 MP: 10/14
  7084 | D:7      | Reached skill level 5 in Dodging
  7333 | D:7      | Found a transporter.
  7333 | D:7      | Noticed hemabe71's ghost (novice HuAr)
  7357 | D:7      | Found a transporter.
  7540 | D:7      | Got a dazzling short sword
  7541 | D:7      | Identified the +5 short sword of Qoafi {flame, rF- rC++
                  | Int+4} (You found it on level 7 of the Dungeon)
  7641 | D:7      | Noticed Menkaure
  7652 | D:7      | Killed Menkaure
  7652 | D:7      | Reached skill level 8 in Fighting
  7877 | D:7      | Noticed a hornet
  7883 | D:7      | Paralysed by a hornet for 3 turns
  7889 | D:7      | Paralysed by a hornet for 3 turns
  7902 | D:7      | Paralysed by a hornet for 2 turns
  7905 | D:7      | Gained mutation: You can translocate small distances at
                  | will. [potion of mutation]
  7905 | D:7      | Gained mutation: Your spells are a little easier to cast,
                  | but a little less powerful. [potion of mutation]
  7905 | D:7      | Gained mutation: You have extremely sharp teeth. [potion of
                  | mutation]
  7905 | D:7      | Gained mutation: You have sharp toenails. [potion of
                  | mutation]
  7908 | D:7      | Paralysed by a hornet for 1 turns
  7913 | D:7      | Killed a hornet
  8246 | D:8      | Found a sparkling altar of Nemelex Xobeh.
  8258 | D:8      | Found a runed translucent gate.
  8258 | D:8      | Found a runed translucent gate.
  8258 | D:8      | Found a runed translucent gate.
  8263 | D:8      | Noticed Tux's ghost (novice DDEE)
  8366 | D:7      | Killed hemabe71's ghost
  8366 | D:7      | Reached XP level 10. HP: 50/80 MP: 12/17
  8695 | D:8      | Found a runed translucent door.
  8708 | D:8      | Found the +10 tower shield of Ignorance {rN+ Int-4}
  8720 | D:8      | Noticed an orange crystal statue
  8720 | D:8      | Noticed an orange crystal statue
  8720 | D:8      | Noticed an orange crystal statue
  8720 | D:8      | Noticed an orange crystal statue
  8799 | D:8      | Found a runed translucent door.
  8821 | D:8      | Slain by a wyvern

Illustrated notes

Levels and vault maps discovered:
D:1:      grunt_arrival_lava_bath, layout_loops_ring, minmay_pentomino_w4
D:2:      layout_loops_ring, grunt_decor_mini_mirrors
D:3:      layout_loops_ring
D:4:      layout_cave_pools, serial_shops, shop, serial_forest,
          infiniplex_forest_3_way, infiniplex_forest_end_2,
          infiniplex_forest_straight_3, infiniplex_forest_clump_cross,
          infiniplex_forest_clump_large, infiniplex_forest_end_double,
          infiniplex_forest_lined_3_way, corexii_leaking_fountain,
          moated_statue, minmay_checkerbox
D:5:      layout_cave_pods, minmay_temple_entry_glassed_door,
          gup_sewer_entry_bowl, nicolae_ru_the_path_less_chosen, uniq_pikel
D:6:      layout_basic, chequers_serial_rivers_micro_d
D:7:      layout_basic, gammafunk_ghost_mausoleum, kennysheep_generic_room_12,
          uniq_menkaure
D:8:      layout_gridville, nemelex_xobeh_ov_fountains_minmay,
          gammafunk_ghost_spectres, chequers_serial_rivers_small_b,
          chequers_guarded_unrand_ignorance

Skill      XL: |  1  2  3  4  5  6  7  8  9 |
---------------+----------------------------+-----
Short Blades   | 1 2 3 4 |  4.9
Long Blades    | 1 2 3 4 |  4.9
Maces & Flails | 1 2 3 4 |  4.9
Polearms       | 1 2 3 4 |  4.9
Staves         | 1 2 3 4 |  4.9
Slings         | 1 2 3 4 |  4.9
Bows           | 1 2 3 4 |  4.9
Crossbows      | 1 2 3 4 |  4.9
Throwing       | 1 2 3 4 |  4.9
Stealth        | 1 2 3 4 |  4.9
Shields        | 1 2 3 4 |  4.9
Unarmed Combat | 1 2 3 4 |  4.9
Spellcasting   | 1 2 3 4 |  4.9
Evocations     | 1 2 3 4 |  4.9
Conjurations   | 1 2 3 4 |  4.1
Hexes          | 1 2 3 4 |  4.1
Summonings     | 1 2 3 4 |  4.1
Necromancy     | 1 2 3 4 |  4.1
Translocations | 1 2 3 4 |  4.1
Transmutations | 1 2 3 4 |  4.1
Fire Magic     | 1 2 3 4 |  4.1
Ice Magic      | 1 2 3 4 |  4.1
Air Magic      | 1 2 3 4 |  4.1
Earth Magic    | 1 2 3 4 |  4.1
Poison Magic   | 1 2 3 4 |  4.1
Dodging        | 3 4 5 |  5.6
Invocations    | 5 6 7 |  7.2
Axes           | 5 6 |  6.8
Armour         | 5 6 |  6.8
Fighting       | 7 8 |  8.3

Action                   |  1- 3 |  4- 6 |  7- 9 | 10-12 || total
-------------------------+-------+-------+-------+-------++-------
Melee: Hand axe          |    13 |   191 |   213 |    27 ||   444
       Bite              |     5 |    29 |    43 |     1 ||    78
       Punch             |       |     2 |     2 |       ||     4
       Rapier            |       |    60 |   257 |     5 ||   322
Throw: Dart              |       |     2 |    13 |       ||    15
Invok: Depart the Abyss  |       |     1 |       |       ||     1
  Use: Scroll            |     1 |     8 |     9 |       ||    18
       Potion            |       |       |    11 |     4 ||    15
Armor: Plate armour      |       |   178 |   272 |    57 ||   507
       Leather armour    |       |     4 |       |       ||     4
       Skin              |       |       |    16 |       ||    16
Dodge: Dodged            |       |   139 |   304 |    46 ||   489

Table legend: (Time is in decaauts)
 A = Elapsed time spent in this place.
 B = Non-inter-level travel time spent in this place.
 C = Inter-level travel time spent in this place.
 D = Time resting spent in this place.
 E = Time spent auto-exploring this place.
 F = Levels seen in this place.
 G = Mean time per level.
                   A        B        C        D        E       F      G
               +--------+--------+--------+--------+--------+-----+--------+
         Total |   8891 |   8657 |    234 |   1989 |   4640 |  10 |  889.1 |
       Dungeon |   7728 |   7494 |    234 |   1631 |   4191 |   8 |  966.0 |
         Abyss |    396 |    396 |      0 |      0 |    321 |   1 |  396.0 |
         Sewer |    767 |    767 |      0 |    358 |    127 |   1 |  767.0 |
               +--------+--------+--------+--------+--------+-----+--------+

Top non-repeatable levels by time:
     D:7: 1777 daAuts
     D:5: 1404 daAuts
     D:6: 1190 daAuts
     D:4: 1029 daAuts
     D:1: 821 daAuts
   Sewer: 767 daAuts
     D:3: 687 daAuts
     D:2: 623 daAuts
 Abyss:1: 396 daAuts
     D:8: 194 daAuts
